 Dungeon Crawl Stone Soup version 0.30-a0-930-gb9d0489357 (webtiles) character file.

Game seed: 6752865227208678047

30 Mickster the Insei (level 2, -3/23 HPs)
             Began as a Demigod Transmuter on Mar 23, 2023.
             Slain by a goblin
             ... wielding a +0 club
             ... led by Robin
              (6 damage)
             ... on level 2 of the Dungeon.
             The game lasted 00:10:12 (805 turns).

Mickster the Insei (Demigod Transmuter)              Turns: 805, Time: 00:10:13

Health: -3/23      AC:  2    Str: 11    XL:     2   Next: 84%
Magic:  7/7        EV: 12    Int: 15    God:
Gold:   60         SH:  0    Dex: 14    Spells: 3/4 levels left

rFire   . . .      SeeInvis .    k - +1 mace
rCold   . . .      Faith    .    (no shield)
rNeg    . . .      Spirit   .    a - +0 robe
rPois   .          Reflect  .    (helmet currently unavailable)
rElec   .          Rampage  .    (no cloak)
rCorr   .                        (no gloves)
Will    .....                    (boots currently unavailable)
Stlth   +                        (no amulet)
HPRegen 0.23/turn                (no ring)
MPRegen 0.10/turn                (no ring)

@: appendages (expiring)
A: horns 2, talons 2, high MP 1, forlorn, divine attributes
a: End Transformation


You were on level 2 of the Dungeon.
You had temporarily grown beastly horns and talons.
You visited 1 branch of the dungeon, and saw 2 of its levels.

You collected 60 gold pieces.

Inventory:

Hand Weapons
 k - a +1 mace (weapon)
Missiles
 h - 14 stones
Armour
 a - a +0 robe (worn)
 b - a +0 leather armour
 c - a +0 ring mail
 d - a +0 kite shield
 e - a +0 helmet
 f - a +0 plate armour
Potions
 g - a potion of flight
 j - a potion of resistance {unknown}


   Skills:
 + Level 1.1 Fighting
 * Level 0.2 Maces & Flails
 + Level 1.9 Dodging
 - Level 3.4 Unarmed Combat
 * Level 1.9 Spellcasting
 * Level 2.0 Transmutations


You had 3 spell levels left.
You knew the following spells:

 Your Spells              Type           Power      Damage    Failure   Level
a - Beastly Appendage     Tmut           14%        N/A       10%         1

Your spell library contained the following spells:

 Spells                   Type           Power      Damage    Failure   Level
 Wereblood                Tmut           7%         N/A       14%         2
 Spider Form              Tmut/Pois      4%         N/A       41%         3
 Ice Form                 Ice/Tmut       4%         N/A       83%         4


Dungeon Overview and Level Annotations

Branches:
Dungeon (2/15)

Annotations:
D:2 Robin


Innate Abilities, Weirdness & Mutations

You have temporarily grown beastly horns and talons.
You have an increased reservoir of magic. (+10% MP)
You shall have no god before yourself.
Your divine heritage dramatically boosts your attributes as you level up.


Message History

You see here 7 stones.
A hobgoblin and 2 goblins come into view.
The hobgoblin shouts!
A hobgoblin comes into view.
A goblin comes into view. It is wielding a +0 club.
Robin throws the goblin at you!
The goblin moves out of view.
The goblin attacks as you move away! The goblin hits you but does no damage.
A goblin comes into view. It is wielding a +0 dagger.
The goblin shouts!
Robin closely misses you.
A goblin comes into view. It is wielding a +0 club.
The goblin shouts!
You hit Robin.
Robin is moderately wounded.
The goblin barely misses you.
Robin roars a battlecry!
The goblins go into a battle-frenzy!
A hobgoblin comes into view.
The goblin hits you with a +0 club.
Robin laughs in a distinctly smug fashion.
Robin roars a battlecry!
The hobgoblin goes into a battle-frenzy!
The hobgoblin barely misses you.
You hit Robin. You punch Robin.
Robin is heavily wounded.
The goblin hits you but does no damage. Robin hits you with a +0 dagger.
You barely miss Robin. You claw Robin.
Robin is severely wounded.
A giant cockroach comes into view.
The hobgoblin misses you. The goblin hits you with a +0 club.
Robin throws the goblin at you!
You closely miss Robin. You claw Robin, but do no damage.
Your headbutt misses Robin.
Robin is severely wounded.
The hobgoblin hits you.
* * * LOW HITPOINT WARNING * * *
The goblin hits you with a +0 club.
* * * LOW HITPOINT WARNING * * *
The goblin hits you with a +0 club.
You die...

#..............
#..............
#..............
#######.............$
......#.....>........
.......#.).........
.......(.###.####..
......gg## ..# ..
.....gg@# ....
......gg# ....#
......g.# .##.#
......g#g .. ..
......g g ....... ..
......B .. .......
...


You could see Robin, a giant cockroach, 4 hobgoblins and 6 goblins.

Vanquished Creatures
  A dart slug (D:1)
  4 ball pythons (D:1)
  An endoplasm (D:1)
  3 giant cockroaches (D:1)
  A goblin (D:2)
  4 hobgoblins
  A kobold (D:2)
  2 quokkas (D:1)
  3 bats (D:1)
  4 frilled lizards (D:1)
  3 rats (D:1)
27 creatures vanquished.

Vanquished Creatures (others)
  A plant (D:1)
1 creature vanquished.

Grand Total: 28 creatures vanquished

Notes
Turn   | Place    | Note
-------+----------+-------------------------------------------
     0 | D:1      | Mickster the Demigod Transmuter began the quest for the
                  | Orb.
     0 | D:1      | Reached XP level 1. HP: 15/15 MP: 5/5
   274 | D:1      | Reached skill level 3 in Unarmed Combat
   315 | D:1      | Reached XP level 2. HP: 18/22 MP: 7/7
   500 | D:1      | Reached skill level 1 in Fighting
   796 | D:2      | Noticed Robin
   805 | D:2      | Slain by a goblin

Illustrated notes

Levels and vault maps discovered:
D:1:      eino_arrival_druids_welcome, layout_loops_ring, serial_bayou_pond_d,
          minmay_pentomino_q2
D:2:      layout_rooms, basic_ecumenical_altar, kennysheep_generic_room_13,
          uniq_robin

Skill      XL: |  1  2 |
---------------+-------+-----
Unarmed Combat | 3 |  3.4
Transmutations | 2 |  2.0
Fighting       | 1 |  1.1
Maces & Flails | |  0.2
Dodging        | |  1.9
Spellcasting   | |  1.9

Action                     || total
---------------------------++-------
  Melee: Unarmed           ||    65
         Kick              ||     6
         Headbutt          ||     4
         Punch             ||     3
         Mace              ||    30
   Cast: Beastly Appendage ||     7
    Use: Potion            ||     1
         Scroll            ||     4
 Armour: Robe              ||    26
         Skin              ||     3
  Dodge: Dodged            ||    73

Table legend: (Time is in decaauts)
 A = Elapsed time spent in this place.
 B = Non-inter-level travel time spent in this place.
 C = Inter-level travel time spent in this place.
 D = Time resting spent in this place.
 E = Time spent auto-exploring this place.
 F = Levels seen in this place.
 G = Mean time per level.
                   A        B        C        D        E       F      G
               +--------+--------+--------+--------+--------+-----+--------+
         Total |    813 |    793 |     20 |    159 |      0 |   2 |  406.5 |
       Dungeon |    813 |    793 |     20 |    159 |      0 |   2 |  406.5 |
               +--------+--------+--------+--------+--------+-----+--------+

Top non-repeatable levels by time:
     D:1: 762 daAuts
     D:2: 51 daAuts
